 Dungeon Crawl Stone Soup version 0.23-b1-51-gfe822ef6ca (webtiles) character file.

Game seed: 5044178402947828993

500 Morbidden the Slasher (level 6, 0/47 HPs)
             Began as a Demonspawn Gladiator on Feb 3, 2019.
             Slain by Duvessa
             ... wielding a +0 rapier
              (1 damage)
             ... on level 5 of the Dungeon.
             The game lasted 00:07:30 (3313 turns).

Morbidden the Slasher (Demonspawn Gladiator)        Turns: 3313, Time: 00:07:31

Health: 0/47       AC: 16    Str: 15    XL:     6   Next: 94%
Magic:  6/6        EV:  8    Int: 11    God:
Gold:   201        SH:  0    Dex: 14    Spells: 5/5 levels left

rFire    . . .     SeeInvis .   a - +0 long sword
rCold    . . .     Gourm    .   (no shield)
rNeg     . . .     Faith    +   n - +0 chain mail
rPois    .         Spirit   .   c - +0 helmet
rElec    .         Reflect  .   i - +0 cloak
rCorr    .         Harm     .   (no gloves)
MR       .....                  q - +0 pair of boots
Stlth    ..........             b - amulet of faith
HPRegen  0.15/turn              (no ring)
MPRegen  0.10/turn              (no ring)

@: lethally poisoned (0 -> -3), flying (expiring)
A: hooves 1, iridescent scales 2
a: no special abilities


You were on level 5 of the Dungeon.
You were not hungry.

You visited 2 branches of the dungeon, and saw 6 of its levels.

You collected 201 gold pieces.

Inventory:

Hand Weapons
 a - a +0 long sword (weapon)
Missiles
 d - 4 throwing nets (quivered)
Armour
 c - a +0 helmet (worn)
 i - a +0 cloak (worn)
 n - a +0 chain mail (worn)
 q - a +0 pair of boots (worn)
Jewellery
 b - an amulet of faith (around neck)
 o - a cursed ring of attention {unknown}
 s - a cursed ring of teleportation {unknown}
Wands
 g - a wand of paralysis (6)
 w - a wand of enslavement (13)
Scrolls
 h - 7 scrolls of identify
 k - a scroll of fear {unknown}
 l - 3 scrolls of remove curse {unknown}
 p - a scroll of fog {unknown}
 r - 3 scrolls of magic mapping {unknown}
 t - 2 scrolls of teleportation {unknown}
 u - a scroll of blinking {unknown}
Potions
 j - 2 potions of brilliance
Comestibles
 f - 8 rations


   Skills:
 + Level 3.0 Fighting
 * Level 5.3 Long Blades
 + Level 2.1 Throwing
 + Level 2.4 Armour
 + Level 3.5 Dodging
 + Level 1.9 Stealth


You had 5 spell levels left.
You didn't know any spells.
Your spell library contained the following spells:

 Spells                   Type           Power        Failure   Level  Hunger
 Freeze                   Ice            #...         100%        1    ##.....
 Throw Frost              Conj/Ice       #.....       100%        2    ###....
 Ozocubu's Armour         Chrm/Ice       #.......     100%        3    ####...
 Summon Ice Beast         Ice/Summ       #.......     100%        4    #####..
 Throw Icicle             Conj/Ice       #.......     100%        4    #####..


Dungeon Overview and Level Annotations

Branches:
Dungeon (5/15)             Temple (1/1) D:4

Altars:
Ashenzari
Dithmenos
Elyvilon
Fedhas
Gozag
Hepliaklqana
Makhleb
Nemelex Xobeh
Ru
Sif Muna
Vehumet
Xom
The Shining One

Shops:
D:4 *

Annotations:
D:5 Dowan, Duvessa


Innate Abilities, Weirdness & Mutations

You have large cloven feet.
You are mostly covered in iridescent scales. (AC +4)


Message History

Duvessa hits you but does no damage.
You hit Duvessa but do no damage.
Duvessa is almost dead.
Dowan hits you but does no damage. Duvessa hits you but does no damage.
Dowan hits you but does no damage.
Unknown command.
You hit Duvessa but do no damage.
Duvessa is almost dead.
Duvessa is no longer moving quickly.
Duvessa hits you but does no damage. Duvessa hits you with a +0 rapier.
* * * LOW HITPOINT WARNING * * *
Dowan hits you but does no damage.
You are lethally poisoned!
All of the chunks of flesh in your inventory have rotted away.
Okay, then.
You hit Duvessa but do no damage.
Duvessa is almost dead.
* * * LOW HITPOINT WARNING * * *
You feel sick. Duvessa hits you with a +0 rapier.
You die...

#.# #.#
###.#
##...##
##..<..#
##..###.##
##..##
#..#
##..##
##.##
###@e##
#..#
#.e###
##.##
#..## #..#
#5.##
##.## ..##
##.# ...#
#.## ....
##.### ...
##..... ..
#........


You could see Duvessa, Dowan and a crimson imp.

Vanquished Creatures
  An ogre (D:4)
  A scorpion (D:4)
  2 orc priests
  An orc wizard (D:4)
  2 worker ants (D:4)
  4 gnolls (D:2)
  6 adders
  2 oozes
  2 worms
  5 leopard geckos
  21 orcs
  4 giant cockroaches
  5 goblins
  8 hobgoblins
  12 jackals
  4 quokkas
  7 bats
  5 frilled lizards
  7 kobolds
  10 rats
109 creatures vanquished.

Vanquished Creatures (others)
  A bat (D:2)
1 creature vanquished.

Grand Total: 110 creatures vanquished

Notes
Turn   | Place    | Note
-------+----------+-------------------------------------------
     0 | D:1      | Morbidden the Demonspawn Gladiator began the quest for the
                  | Orb.
     0 | D:1      | Reached XP level 1. HP: 16/16 MP: 1/1
   148 | D:1      | Gained mutation: You have large cloven feet. [demonic
                  | ancestry]
   148 | D:1      | Reached XP level 2. HP: 22/22 MP: 2/2
   293 | D:1      | Reached skill level 3 in Long Blades
   472 | D:2      | Gained mutation: You are partially covered in iridescent
                  | scales. (AC +2) [demonic ancestry]
   472 | D:2      | Reached XP level 3. HP: 24/27 MP: 3/3
   535 | D:2      | Gained mutation: You are mostly covered in iridescent
                  | scales. (AC +4) [demonic ancestry]
   535 | D:2      | Reached XP level 4. HP: 17/33 MP: 4/4
   542 | D:2      | Reached skill level 1 in Armour
   897 | D:2      | Found a white marble altar of Elyvilon.
  1425 | D:3      | Reached skill level 4 in Long Blades
  1561 | D:3      | Reached XP level 5. HP: 38/38 MP: 5/5
  2141 | D:4      | Noticed an ogre
  2154 | D:4      | Killed an ogre
  2154 | D:4      | Reached skill level 1 in Stealth
  2154 | D:4      | Reached XP level 6. HP: 36/46 MP: 6/6
  2516 | D:4      | Found a burning altar of Makhleb.
  2618 | D:4      | Reached skill level 5 in Long Blades
  2689 | D:4      | Found a staircase to the Ecumenical Temple.
  2727 | D:4      | Found Deannuar's Elemental Accessories.
  2814 | Temple   | Entered the Ecumenical Temple
  3199 | D:5      | Entered Level 5 of the Dungeon
  3236 | D:5      | Found a shadowy altar of Dithmenos.
  3264 | D:5      | Noticed Duvessa
  3265 | D:5      | Noticed Dowan
  3312 | D:5      | HP: 2/47 [Duvessa/+0 rapier (4)]
  3313 | D:5      | Slain by Duvessa

Skill      XL: |  1  2  3  4  5  6 |
---------------+-------------------+-----
Throwing       | 2 |  2.1
Dodging        | 3 |  3.5
Long Blades    | 3 4 5 |  5.3
Armour         | 1 2 |  2.4
Stealth        | 1 |  1.9
Fighting       | 3 |  3.0

Action                   |  1- 3 |  4- 6 || total
-------------------------+-------+-------++-------
Melee: Long sword        |    85 |   382 ||   467
       Kick              |    23 |    12 ||    35
Evoke: Wand              |       |     1 ||     1
  Use: Potion            |     4 |     7 ||    11
       Scroll            |       |     1 ||     1
 Stab: Paralysed         |       |     7 ||     7
  Eat: Chunk             |       |     9 ||     9
Armor: Leather armour    |    13 |       ||    13
       Chain mail        |    37 |   390 ||   427
Dodge: Dodged            |    66 |   179 ||   245
       Rpst.: Long sword |    17 |    67 ||    84
